 Dungeon Sprint DCSS version 0.21.1-1-g345015f (webtiles) character file.

1459 wilfster70 the Cleaver (level 8, -4/56 HPs)
             Began as a Gargoyle Monk on June 21, 2018.
             Was an Elder of Okawaru.
             Slain by a 12-headed hydra (8 damage)
             ... in the Dungeon (Sprint IX: "|||||||||||||||||||||||||||||").
             The game lasted 00:03:29 (726 turns).

wilfster70 the Cleaver (Gargoyle Monk)               Turns: 726, Time: 00:03:30

Health: -4/56      AC: 19    Str: 20    XL:     8   Next: 76%
Magic:  10/11      EV: 17    Int: 11    God:    Okawaru [****..]
Gold:   0          SH:  0    Dex: 12    Spells: 7/7 levels left

rFire    . . .     SeeInvis .   a - +1 broad axe (vamp)
rCold    . . .     Gourm    .   (no shield)
rNeg     + . .     Faith    .   p - +2 ring mail
rPois    ∞         Spirit   .   o - +0 helmet
rElec    +         Reflect  .   (no cloak)
rCorr    .         Harm     .   (no gloves)
MR       .....     NoTele   +   (no boots)
Stlth    +++.......             (no amulet)
HPRegen  0.18/turn              q - +2 ring of protection
MPRegen  0.12/turn              r - +3 ring of strength

@: heroism
A: negative energy resistance 1, electricity resistance, unbreathing,
petrification resistance, rot immunity, AC +5
a: Heroism, Renounce Religion


You were in the Dungeon.
You worshipped Okawaru.
Okawaru was greatly pleased with you.
You were not hungry.

You visited 1 branch

Inventory:

Hand Weapons
 a - a +1 vampiric broad axe (weapon)
Armour
 o - a +0 helmet (worn)
 p - a +2 ring mail (worn)
Jewellery
 q - a +2 ring of protection (left hand)
 r - a +3 ring of strength (right hand)
 t - the amulet "Ilaloh" {Inacc MR+}
   (You found it in the Dungeon)

   [amulet of inaccuracy]

   It reduces the accuracy of all your attacks.
   It affects your resistance to hostile enchantments.
Wands
 m - a wand of iceblast (10)
Scrolls
 i - 3 scrolls of blinking
 k - 3 scrolls of remove curse
 l - 2 scrolls of amnesia
 u - 4 scrolls of identify
 v - a scroll of fog
Potions
 c - 2 potions of berserk rage
 d - 5 potions of curing
 e - 2 potions of heal wounds
 f - a potion of haste
 g - 4 potions of magic
 h - a potion of invisibility
 j - a potion of resistance
 n - a potion of agility
 s - a potion of might


   Skills:
 + Level 9.6(14.6) Fighting
 * Level 11.0(16.0) Axes
 + Level 9.0(14.0) Armour
 + Level 7.4(12.4) Dodging
 - Level 2.1(7.1) Stealth
 + Level 5.1 Invocations


You had 7 spell levels left.
You didn't know any spells.

Dungeon Overview and Level Annotations

Branches:
Dungeon (1/1)

Altars:
Cheibriados
Dithmenos
Elyvilon
Fedhas
Gozag
Hepliaklqana
Kikubaaqudgha
Makhleb
Nemelex Xobeh
Okawaru
Qazlal
Ru
Sif Muna
Trog
Uskayaw
Vehumet
Wu Jian
Xom
Yredelemnul
Zin
The Shining One
Beogh
Jiyva
Lugonu


Innate Abilities, Weirdness & Mutations

You are resistant to torment.
Your stone body is resilient. (AC +5)
You are immune to poison.
You resist negative energy. (rN+)
You are resistant to electric shocks. (rElec)
You can survive without breathing.
You are immune to petrification.
You are immune to rotting.


Message History

The ten-headed hydra grows two more!
You slash the 12-headed hydra!
The 12-headed hydra is heavily wounded.
The 12-headed hydra bites you but does no damage.
The 12-headed hydra bites you.
The 12-headed hydra bites you but does no damage.
The 12-headed hydra misses you. The 12-headed hydra bites you. x2
The 12-headed hydra bites you!
* * * LOW HITPOINT WARNING * * *
The 12-headed hydra bites you.
* * * LOW HITPOINT WARNING * * *
The 12-headed hydra misses you.
The 12-headed hydra bites you but does no damage.
The 12-headed hydra completely misses you.
The 12-headed hydra closely misses you.
You barely miss the 12-headed hydra.
The 12-headed hydra is moderately wounded.
The 12-headed hydra misses you.
The 12-headed hydra completely misses you.
The 12-headed hydra bites you!
You die...

▓.▓.▓.▓
▓.▓.▓=▓
▓.▓.▓.▓
▓.▓.▓.▓
▓'▓.▓.▓
▓_▓.▓.▓
▓_▓.▓.▓
▓_▓.▓.▓
▓_▓.▓@▓
▓_▓.▓D▓
▓_▓.▓F▓
▓_▓.▓S▓
▓_▓.▓F▓
▓_▓.▓F▓
▓_▓.▓F▓
▓_▓.▓.▓
▓_▓.▓


You could see a 12-headed hydra, a spiny frog, a water moccasin and 3 bullfrogs.

Vanquished Creatures
  A spiny frog (D)
  A kobold demonologist (D)
  A troll (D)
  A yak (D)
  An orc warrior (D)
  An ice beast (D)
  A black bear (D)
  An ogre (D)
  A crocodile (D)
  A killer bee (D)
  2 jellies (D)
  An orc wizard (D)
  An adder (D)
  An adder zombie (D)
  A bat zombie (D)
  2 goblins (D)
  A hobgoblin (D)
  A kobold (D)
  2 quokkas (D)
  A bat (D)
  A frilled lizard (D)
24 creatures vanquished.

Notes
Turn   | Place    | Note
-------+----------+-------------------------------------------
     0 | D        | wilfster70 the Gargoyle Monk began the quest for the Orb.
     0 | D        | Reached XP level 1. HP: 14/14 MP: 1/1
     6 | D        | Reached skill level 3 in Axes
     8 | D        | Reached skill level 1 in Armour
    67 | D        | Noticed a jelly
    67 | D        | Noticed an ogre
    74 | D        | Reached XP level 2. HP: 15/20 MP: 2/2
    83 | D        | Reached skill level 4 in Axes
    83 | D        | Reached XP level 3. HP: 14/24 MP: 3/3
    91 | D        | Killed an ogre
    91 | D        | Reached skill level 5 in Fighting
    91 | D        | Reached skill level 6 in Axes
    91 | D        | Reached XP level 4. HP: 20/32 MP: 4/4
    91 | D        | Reached XP level 5. HP: 22/36 MP: 5/5
   255 | D        | Found a roughly hewn altar of Beogh.
   255 | D        | Found a snail-covered altar of Cheibriados.
   255 | D        | Found a shadowy altar of Dithmenos.
   255 | D        | Found a white marble altar of Elyvilon.
   255 | D        | Found a blossoming altar of Fedhas.
   255 | D        | Found an opulent altar of Gozag.
   256 | D        | Found a hazy altar of Hepliaklqana.
   257 | D        | Found a viscous altar of Jiyva.
   258 | D        | Found an ancient bone altar of Kikubaaqudgha.
   259 | D        | Found a corrupted altar of Lugonu.
   260 | D        | Found a burning altar of Makhleb.
   261 | D        | Found a sparkling altar of Nemelex Xobeh.
   262 | D        | Found an iron altar of Okawaru.
   263 | D        | Found a stormy altar of Qazlal.
   264 | D        | Found a sacrificial altar of Ru.
   265 | D        | Found a deep blue altar of Sif Muna.
   266 | D        | Found a bloodstained altar of Trog.
   267 | D        | Found a hide-covered altar of Uskayaw.
   268 | D        | Found a radiant altar of Vehumet.
   269 | D        | Found an ornate altar of the Wu Jian Council.
   270 | D        | Became a worshipper of Warmaster Okawaru
   270 | D        | Reached * piety under Okawaru
   270 | D        | Reached ** piety under Okawaru
   271 | D        | Found a shimmering altar of Xom.
   272 | D        | Found a basalt altar of Yredelemnul.
   273 | D        | Found a glowing silver altar of Zin.
   274 | D        | Found a glowing golden altar of the Shining One.
   328 | D        | Noticed a yak
   328 | D        | Noticed an orc warrior
   328 | D        | Noticed a black bear
   339 | D        | Killed a yak
   339 | D        | Reached skill level 8 in Axes
   339 | D        | Reached skill level 5 in Dodging
   339 | D        | Reached XP level 6. HP: 31/44 MP: 6/6
   363 | D        | Killed an orc warrior
   367 | D        | Killed a black bear
   367 | D        | Reached *** piety under Okawaru
   367 | D        | Reached skill level 9 in Axes
   367 | D        | Reached XP level 7. HP: 43/49 MP: 7/7
   402 | D        | Noticed a kobold demonologist
   402 | D        | Noticed a troll
   408 | D        | Noticed an ice devil
   411 | D        | Reached skill level 1 in Invocations
   427 | D        | Noticed an orange demon
   456 | D        | Killed a kobold demonologist
   456 | D        | Reached skill level 10 in Axes
   456 | D        | Reached XP level 8. HP: 51/56 MP: 8/10
   463 | D        | Killed a troll
   463 | D        | Reached **** piety under Okawaru
   673 | D        | Got the amulet "Ilaloh" {Inacc MR+}
   702 | D        | Noticed a spiny frog
   702 | D        | Noticed a spiny frog
   709 | D        | Noticed a seven-headed hydra
   710 | D        | Killed a spiny frog
   717 | D        | Reached skill level 11 in Axes
   717 | D        | Reached skill level 5 in Invocations
   726 | D        | Slain by a 12-headed hydra

Skill      XL: |  1  2  3  4  5  6  7  8 |
---------------+-------------------------+-----
Axes           | 3 4 6 8 9 10 11 | 11.0
Armour         | 1 2 4 6 7 8 9 |  9.0
Fighting       | 4 5 7 8 9 |  9.6
Dodging        | 3 4 5 6 7 |  7.4
Invocations    | 3 5 |  5.1
Stealth        | |  2.1

Action                   |  1- 3 |  4- 6 |  7- 9 || total
-------------------------+-------+-------+-------++-------
Melee: Hand axe          |    33 |       |       ||    33
       Broad axe         |       |    39 |    82 ||   121
Invok: Heroism           |       |       |     1 ||     1
  Use: Potion            |     1 |       |     1 ||     2
 Stab: Sleeping          |     1 |       |       ||     1
  Eat: Ration            |       |     1 |       ||     1
       Chunk             |       |       |     1 ||     1
Armor: Robe              |     7 |       |       ||     7
       Ring mail         |       |    17 |    55 ||    72
Dodge: Dodged            |    24 |    27 |    60 ||   111
